Bacon, neutral female gnomish Tourist --------------------------------- --- ------ |...[..%........................| ---- |.--- --.--.--- |...------------------------.--.--- --..| --...----- |.......| |....| --.|........| |..<-- |........-- |.......| --...-- --- ---- |.........|.--- --...| ---..----..-- -......-- --...--..| ---..| |........-|...| --...| |...-- |....----.......-------------|.......-#--....-------....^..--..---....| |.--- |..................h.........#.....................:@...............--- |.| --..--..-......---..----.-........-##---..---..----------...--------- |.| |..|-........-- ------..............------ |-...| --.... |.-- |.-|........-- |...--...........| ---....----------....- |..| |.||........| -- --..----.|........-- |.......--.--.| |...... |..| |.--........--- .| |...| -----.--....| --.............----....... |.-- |................| |..-| -......)---...............| ........| |.| ---...........---- --..| .--.......................- ......--- |.| |...........| |..| -.........|..--..|..................-- |.-- |...-..-...-- ---- |............------------..-...........- |..| ---.........| |............. |......|.--..|.. |..| ---....|.-- --....|.......| --->..---- ----.. ---- |...---- ---.---.--.--- ----- .- ----- -- -- --- -- Bacon the Sightseer Experience level: 4 Strength: 14 Dexterity: 13 Constitution: 12 Intelligence: 13 Wisdom: 7 Charisma: 17 Health: 0(29) Energy: 14(14) Def: 1 Gold: 590 Moves: 1229 Dungeon seed: pZz5oBGmqE-P7kh6 Game ID: Bacon_1512428416 Your Inventory: Coins $ - 590 gold pieces Weapons a - 11 blessed +2 darts s - 10 uncursed +0 silver arrows w - an uncursed +2 sling B - an uncursed +0 arrow C - a blessed +1 arrow D - 2 uncursed +0 darts E - an uncursed +0 dagger F - 6 uncursed +0 crossbow bolts (in quiver) G - a cursed -2 nasty crossbow (weapon in hand) Armor e - an uncursed +0 Hawaiian shirt (being worn) q - an uncursed rusty +1 orcish helm (being worn) Comestibles b - 6 uncursed food rations c - an uncursed cream pie d - an uncursed tin of spinach f - 4 uncursed Durains g - an uncursed cram ration h - an uncursed clove of garlic x - an uncursed lichen corpse Scrolls j - 5 uncursed scrolls of magic mapping u - a cursed scroll of stinking cloud A - an uncursed scroll of identify Potions i - 2 uncursed potions of extra healing r - an uncursed potion of confusion Wands t - an uncursed wand of locking (0:5) Tools k - an uncursed credit card l - an uncursed expensive camera (0:43) m - an uncursed leash n - an uncursed magic marker (0:0) o - an uncursed tin opener p - an uncursed towel z - an uncursed magic whistle Gems y - an uncursed ruby H - an uncursed obsidian stone N - an uncursed worthless piece of violet glass Y - an uncursed worthless piece of red glass Spells and supernatural/magical abilities: Spells marked with '*' are forgotten. Spells marked with '!' are maintained. Spells marked with '#' are aliased with 'castalias'. Name Level Category Fail Memory W - pray for help -- divine ? -- Your skills at the end: Fighting Skills wands [Basic] Weapon Skills dart [Basic] Spellcasting Skills Final Attributes: You had infravision. You were lucky. You are dead. Vanquished creatures: a bugbear a shrieker a kitten a gas spore a hobbit a large kobold 2 giant rats a red mold 3 gnomes 4 garter snakes 2 gnome zombies a jackal 2 foxes a kobold 2 goblins 2 sewer rats 3 grid bugs 3 lichens 4 newts 36 creatures vanquished. Voluntary challenges: You were an atheist. You used a wielded weapon 5 times, starting on turn 1178. You read items or engraved 1 time, starting on turn 282. You never genocided any monsters. You never polymorphed an object. You never changed form. You used no wishes. You never split a pudding. You wrote Elbereth's name 1 time, starting on turn 282. You never violated your personal moral code. Dungeon overview: The Dungeons of Doom: levels 1 to 2 Level 1 a fountain, a sink a long staircase Level 2 a sink, a vault stairs to The Gnomish Mines The Gnomish Mines: Level 3 <- You were here stairs to The Dungeons of Doom History has recorded: On T:1 you entered the Dungeons of Doom to retrieve the Amulet of Yendor! On T:377 you advanced to experience level 2. On T:451 you reached level 2 of The Dungeons of Doom. On T:692 you advanced to experience level 3. On T:805 you reached level 1 of The Gnomish Mines. On T:902 you advanced to experience level 4. Score breakdown: Gold: 157 ( 7479 points) Experience: 4 levels ( 9649 points) Exploration: 3 levels ( 5.88%) ( 6000 points) Discoveries: 2 items ( 0.66%) ( 2441 points) Valuables value: (no points given unless you survive) Artifact value: 0 ( 0 points) Variety of kills: 19 monsters ( 5.00%) ( 6708 points) Turncount: 1229 turns ( 0 points) Survival: died (score multiplied by 80%) Total score: 25821 Latest messages: Your zombifying disease wears off. You miss the iguana. The nasty weapon hurts you! You miss the iguana. The nasty weapon hurts you! The iguana bites! The nasty weapon hurts you! You hit the iguana. The nasty weapon hurts you! You hit the iguana. The iguana bites! The nasty weapon hurts you! You hit the iguana. You miss the iguana. The nasty weapon hurts you! The iguana bites! You miss the iguana. The nasty weapon hurts you! You hear the howling of the CwnAnnwn... You miss the iguana. The nasty weapon hurts you! You die... Final status: Aloha Bacon the Tourist, killed by a nasty weapon... You died in The Gnomish Mines on dungeon level 3 with 25821 points, and 590 pieces of gold, after 1229 moves. You were level 4 with a maximum of 29 hit points when you died.